 Dungeon Crawl Stone Soup version 0.25-a0-294-gea9b1ad378 (webtiles) character file.

Game seed: 11993889881266044272, levelgen mode: deterministic

2190 Ijustatesigmund the Shield-Bearer (level 9, -5/74 HPs)
             Began as a Gnoll Fighter on Dec 16, 2019.
             Was a Believer of Cheibriados.
             Slain by an orc wizard
             ... wielding a +0 dagger of electrocution
              (19 damage)
             ... on level 7 of the Dungeon.
             The game lasted 00:10:34 (6063 turns).

Ijustatesigmund the Shield-Bearer (Gnoll Fighter)   Turns: 6063, Time: 00:10:35

Health: -5/74      AC: 13    Str: 24 (27) XL:     9   Next: 33%
Magic:  0/15       EV:  9    Int: 14 (15) God:    Cheibriados [**....]
Gold:   315        SH: 12    Dex: 19 (22) Spells: 16/16 levels left

rFire    . . .     SeeInvis .   a - +0 war axe
rCold    . . .     Gourm    .   c - +0 shield
rNeg     . . .     Faith    .   b - +0 chain mail
rPois    .         Spirit   +   (no helmet)
rElec    .         Reflect  .   r - scarf {Spirit}
rCorr    .         Harm     .   o - +1 pair of gloves
MR       .....                  (no boots)
Stlth    ..........             g - amulet of regeneration
HPRegen  0.62/turn              (no ring)
MPRegen  0.14/turn              (no ring)

@: mighty, very slow
A: distributed training, fangs 1, strong nose
a: Bend Time, Renounce Religion


You were on level 7 of the Dungeon.
You worshipped Cheibriados.
Cheibriados was pleased with you.
You were not hungry.

You visited 2 branches of the dungeon, and saw 8 of its levels.

You collected 315 gold pieces.

Inventory:

Hand Weapons
 a - a +0 war axe (weapon)
Missiles
 e - 27 poisoned darts (quivered)
Armour
 b - a +0 chain mail (worn)
 c - a +0 shield (worn)
 j - a +0 large shield
 o - a +1 pair of gloves (worn)
 r - a scarf of spirit shield (worn)
Jewellery
 d - an uncursed ring of ice
 g - an amulet of regeneration (around neck)
Wands
 q - a wand of clouds (3)
 y - a wand of disintegration (14)
Scrolls
 h - 5 scrolls of identify
 p - 3 scrolls of teleportation
 s - a scroll of fog {unknown}
 t - a scroll of noise {unknown}
 w - a scroll of enchant weapon {unknown}
 x - 2 scrolls of amnesia {unknown}
Potions
 i - a potion of flight
 k - a potion of brilliance
 v - a potion of degeneration
 z - a potion of agility {unknown}
Comestibles
 f - 11 rations


   Skills:
 + Level 7.8 Fighting
 + Level 4.0 Short Blades
 + Level 4.0 Long Blades
 + Level 6.2 Axes
 + Level 4.0 Maces & Flails
 + Level 4.0 Polearms
 + Level 4.0 Staves
 + Level 4.0 Slings
 + Level 4.0 Bows
 + Level 4.0 Crossbows
 + Level 4.0 Throwing
 + Level 7.8 Armour
 + Level 4.0 Dodging
 + Level 4.0 Stealth
 + Level 7.8 Shields
 + Level 4.0 Unarmed Combat
 + Level 4.0 Spellcasting
 + Level 3.3 Conjurations
 + Level 3.3 Hexes
 + Level 3.3 Charms
 + Level 3.3 Summonings
 + Level 3.3 Necromancy
 + Level 3.3 Translocations
 + Level 3.3 Transmutations
 + Level 3.3 Fire Magic
 + Level 3.3 Ice Magic
 + Level 3.3 Air Magic
 + Level 3.3 Earth Magic
 + Level 3.3 Poison Magic
 + Level 4.5 Invocations
 + Level 4.0 Evocations


You had 16 spell levels left.
You didn't know any spells.
Your spell library was empty.

Dungeon Overview and Level Annotations

Branches:
Dungeon (7/15)             Temple (1/1) D:4

Altars:
Ashenzari
Cheibriados
Dithmenos
Elyvilon
Fedhas
Gozag
Hepliaklqana
Kikubaaqudgha
Makhleb
Nemelex Xobeh
Okawaru
Ru
Trog
Uskayaw
Vehumet
Wu Jian
Xom
Yredelemnul
Zin
The Shining One

Annotations:
D:3 2 transporters


Innate Abilities, Weirdness & Mutations

Your experience applies equally to all skills.
You have very sharp teeth.
Your uncanny sense of smell can sniff out nearby items.


Message History

You hear some strange, mumbled words.
A magic dart appears from out of thin air!
The magic dart hits you.
You slash the orc warrior!
You kill the orc warrior!
Cheibriados thoroughly appreciates the change of pace.
Cheibriados raises the support of your attributes as your movement slows.
You closely miss something. You slash the crimson imp!
The crimson imp blinks!
Something hits you but does no damage.
You are electrocuted!
* * * LOW HITPOINT WARNING * * *
You barely miss something. You bite something. You block something's attack.
You miss something. Something hits you.
* * * LOW HITPOINT WARNING * * *
You block something's attack.
You closely miss something. Something hits you but does no damage.
You barely miss something. Your bite misses something.
You miss the crimson imp.
The crimson imp hits you but does no damage.
Something hits you but does no damage.
You are electrocuted!!
You die...

*,,,,,,,,***∆*,.........#.#.#.#.#
,,,*,,,,***..*##....##...........
,***,,,,**,...#.....#....#.......
,**,,,,,,,,...##...###...#..#..#<
,,,,,,*,***........####...####...
,,,,,,,,****#...........### **..?
,,,,,,,,,.****##.........#***,,.#
,,,,,,,,,....##.5.)#.....#*,,,,,,
,,,,,,,**......)@..#<........,,,,
*,,,,,,,,......{)..#.........,,,,
,,,,,,,,,...................#*,,,
,,,,,,,,,...................#*,,,
,***,,>,,................)...,,**
,*,,,,,,,........#...........,,,,
,,,,,,,,,..........#.....,,*,,*,,
,,,,,,,,,................,,,,,,,,
,,,,,,,,,,,,,,,,,**,,,,,,*,,,,,,*


You could see a crimson imp.

Vanquished Creatures
  Sigmund (D:5)
  Eustachio (D:4)
  A sky beast (D:5)
  An orc warrior (D:7)
  2 centaurs
  2 ogres
  A big kobold (D:7)
  4 bullfrogs
  2 scorpions
  2 howler monkeys
  A bullfrog skeleton (D:6)
  A gnoll shaman (D:4)
  3 orc priests
  4 jellies
  8 orc wizards
  4 gnolls (D:4)
  11 adders
  11 oozes
  8 worms
  5 dart slugs
  2 leopard geckos
  30 orcs
  A ball python (D:2)
  2 giant cockroaches
  6 goblins
  11 hobgoblins
  18 jackals
  3 quokkas
  7 bats
  5 frilled lizards
  13 kobolds
  9 rats
180 creatures vanquished.

Vanquished Creatures (others)
  Ijyb (D:4)
  2 fungi (D:2)
  7 toadstools (D:2)
10 creatures vanquished.

Grand Total: 190 creatures vanquished

Notes
Turn   | Place    | Note
-------+----------+-------------------------------------------
     0 | D:1      | Ijustatesigmund the Gnoll Fighter began the quest for the
                  | Orb.
     0 | D:1      | Reached XP level 1. HP: 23/23 MP: 1/1
   169 | D:1      | Reached XP level 2. HP: 26/29 MP: 2/2
   625 | D:2      | Reached XP level 3. HP: 35/35 MP: 3/3
   675 | D:2      | Reached skill level 1 in Invocations
   985 | D:2      | Found an iron altar of Okawaru.
  1071 | D:2      | Reached skill level 1 in Short Blades
  1071 | D:2      | Reached skill level 1 in Long Blades
  1071 | D:2      | Reached skill level 1 in Maces & Flails
  1071 | D:2      | Reached skill level 1 in Polearms
  1071 | D:2      | Reached skill level 1 in Staves
  1071 | D:2      | Reached skill level 1 in Slings
  1071 | D:2      | Reached skill level 1 in Bows
  1071 | D:2      | Reached skill level 1 in Crossbows
  1071 | D:2      | Reached skill level 1 in Throwing
  1071 | D:2      | Reached skill level 1 in Dodging
  1071 | D:2      | Reached skill level 1 in Stealth
  1071 | D:2      | Reached skill level 1 in Unarmed Combat
  1071 | D:2      | Reached skill level 1 in Spellcasting
  1071 | D:2      | Reached skill level 1 in Evocations
  1097 | D:2      | Reached XP level 4. HP: 29/41 MP: 5/5
  1364 | D:2      | Reached skill level 1 in Conjurations
  1364 | D:2      | Reached skill level 1 in Hexes
  1364 | D:2      | Reached skill level 1 in Charms
  1364 | D:2      | Reached skill level 1 in Summonings
  1364 | D:2      | Reached skill level 1 in Necromancy
  1364 | D:2      | Reached skill level 1 in Translocations
  1364 | D:2      | Reached skill level 1 in Transmutations
  1364 | D:2      | Reached skill level 1 in Fire Magic
  1364 | D:2      | Reached skill level 1 in Ice Magic
  1364 | D:2      | Reached skill level 1 in Air Magic
  1364 | D:2      | Reached skill level 1 in Earth Magic
  1364 | D:2      | Reached skill level 1 in Poison Magic
  1437 | D:2      | Reached XP level 5. HP: 44/47 MP: 5/7
  2084 | D:2      | Reached XP level 6. HP: 53/53 MP: 8/8
  2242 | D:3      | Reached skill level 5 in Axes
  2427 | D:3      | Found an ornate altar of the Wu Jian Council.
  2429 | D:3      | Noticed a sky beast
  2469 | D:3      | Found a transporter.
  2475 | D:3      | Found a transporter.
  2497 | D:3      | Found a white marble altar of Elyvilon.
  2524 | D:3      | Reached XP level 7. HP: 48/59 MP: 10/10
  2718 | D:4      | Noticed Eustachio
  2726 | D:4      | Killed Eustachio
  3493 | D:4      | Found a staircase to the Ecumenical Temple.
  3536 | D:4      | Reached XP level 8. HP: 67/67 MP: 12/12
  3927 | D:4      | Noticed Ijyb
  3945 | D:4      | Killed Ijyb
  4200 | D:4      | Found a radiant altar of Vehumet.
  4432 | Temple   | Entered the Ecumenical Temple
  4655 | Temple   | Became a worshipper of Cheibriados the Contemplative
  4712 | D:5      | Entered Level 5 of the Dungeon
  4724 | D:5      | Noticed Sigmund
  4762 | D:5      | Killed Sigmund
  4920 | D:5      | Reached XP level 9. HP: 71/72 MP: 14/14
  5110 | D:5      | Reached * piety under Cheibriados
  5130 | D:5      | Found an opulent altar of Gozag.
  5130 | D:5      | Found a sacrificial altar of Ru.
  5134 | D:5      | Found a shadowy altar of Dithmenos.
  5303 | D:6      | Found a shattered altar of Ashenzari.
  5444 | D:6      | Found an ancient bone altar of Kikubaaqudgha.
  6059 | D:7      | Reached ** piety under Cheibriados
  6063 | D:7      | Slain by an orc wizard

Levels and vault maps discovered:
D:1:      roderic_crossed_star, layout_basic
D:2:      cheibrodos_fertilizer, layout_loops_corners, okawaru_gym_becter
D:3:      layout_loops_ring, lemuel_doored_altar,
          gammafunk_temple_overflow_arena, kennysheep_boxes
D:4:      layout_loops_ring, kennysheep_mini, minmay_temple_entry_fiery,
          first_ration, kennysheep_opposing_triangles, uniq_eustachio, uniq_ijyb
D:5:      layout_cave_pools, gammafunk_temple_overflow_forgotten, uniq_sigmund
D:6:      layout_gridville, cheibrodos_ashenzari_chains,
          kiku_gazebo_pond_becter, kennysheep_nondescript,
          kennysheep_generic_room_10
D:7:      layout_cave_pools, enter_bailey_3, grunt_livestock,
          minmay_misc_feat_pillars, minmay_misc_feat_plants,
          kennysheep_generic_room_11
Temple:   minmay_temple_curvy_loop

Skill      XL: |  1  2  3  4  5  6  7  8  9 |
---------------+----------------------------+-----
Invocations    | 1 2 3 4 |  4.5
Short Blades   | 1 2 3 4 |  4.0
Long Blades    | 1 2 3 4 |  4.0
Maces & Flails | 1 2 3 4 |  4.0
Polearms       | 1 2 3 4 |  4.0
Staves         | 1 2 3 4 |  4.0
Slings         | 1 2 3 4 |  4.0
Bows           | 1 2 3 4 |  4.0
Crossbows      | 1 2 3 4 |  4.0
Throwing       | 1 2 3 4 |  4.0
Dodging        | 1 2 3 4 |  4.0
Stealth        | 1 2 3 4 |  4.0
Unarmed Combat | 1 2 3 4 |  4.0
Spellcasting   | 1 2 3 4 |  4.0
Evocations     | 1 2 3 4 |  4.0
Conjurations   | 1 2 3 |  3.3
Hexes          | 1 2 3 |  3.3
Charms         | 1 2 3 |  3.3
Summonings     | 1 2 3 |  3.3
Necromancy     | 1 2 3 |  3.3
Translocations | 1 2 3 |  3.3
Transmutations | 1 2 3 |  3.3
Fire Magic     | 1 2 3 |  3.3
Ice Magic      | 1 2 3 |  3.3
Air Magic      | 1 2 3 |  3.3
Earth Magic    | 1 2 3 |  3.3
Poison Magic   | 1 2 3 |  3.3
Axes           | 5 6 |  6.2
Fighting       | 7 |  7.8
Armour         | 7 |  7.8
Shields        | 7 |  7.8

Action                   |  1- 3 |  4- 6 |  7- 9 || total
-------------------------+-------+-------+-------++-------
Melee: War axe           |    70 |   196 |   303 ||   569
       Bite              |     8 |    21 |    37 ||    66
Throw: Dart              |    10 |     2 |    10 ||    22
  Use: Scroll            |     5 |     2 |     4 ||    11
       Potion            |       |       |     7 ||     7
  Eat: Chunk             |       |     6 |     3 ||     9
       Ration            |       |       |     2 ||     2
Armor: Scale mail        |    21 |    56 |    21 ||    98
       Chain mail        |       |       |   117 ||   117
Dodge: Dodged            |    18 |    57 |    90 ||   165
Block: Shield            |    30 |   100 |   201 ||   331

Table legend:
 A = Non-vault XP
 B = Vault XP
 C = Vault XP percentage of total XP
 D = Non-vault monster count
 E = Vault monster count
 F = Vault count percentage of total count
                 A         B        C        D         E       F
            +---------+---------+-------+---------+---------+-------
      Total |    2360 |     769 |  24.6 |     159 |      22 |  12.2
            +---------+---------+-------+---------+---------+-------
        D:1 |      29 |       0 |   0.0 |      14 |       0 |   0.0
        D:2 |     126 |     180 |  58.8 |      29 |      16 |  35.6
        D:3 |     462 |       0 |   0.0 |      50 |       0 |   0.0
        D:4 |     632 |     358 |  36.2 |      33 |       5 |  13.2
        D:5 |     467 |     231 |  33.1 |      14 |       1 |   6.7
        D:6 |     369 |       0 |   0.0 |      13 |       0 |   0.0
        D:7 |     275 |       0 |   0.0 |       6 |       0 |   0.0
            +---------+---------+-------+---------+---------+-------
